Map: King's Cove LE

Players

LiquidSnute (Snute)

  • Race: Zerg Zerg
  • League: Grandmaster
  • Spawn Location: 11:00

lllIIIIllll (Creator) - Winner!

  • Race: Protoss Protoss
  • League: Master
  • Spawn Location: 5:00

Event: HomeStory Cup XIX

VOD

Have the link to the VOD?

Description

Time

  • Played on: June 27, 2019, 12:05 p.m.
  • Length: 10:26

All games in this series

Show
View Real Time Build Order
Export as new Build Order

LiquidSnute Zerg 

Build Orders: Hatch First 

Get SALT Encoding   

  12  0:00  Drone  
  13  0:12  Overlord  
  13  0:17  Drone  
  14  0:30  Drone x2  
  16  0:49  Hatchery  
  15  0:52  Drone  
  15  0:55  Drone  
  17  0:59  Drone  
  18  1:06  Extractor  
  17  1:14  Spawning Pool  
  17  1:18  Drone  
  17  1:21  Drone  
  18  1:28  Drone  
  19  1:40  Overlord  
  19  1:49  Drone  
  20  2:00  Queen  
  22  2:01  Zergling x4  
  22  2:06  Metabolic Boost  
  24  2:11  Queen  
  26  2:15  Drone  
  26  2:22  Zergling x4  
  29  2:26  Zergling x2  
  30  2:32  Zergling x2  
  30  2:35  Zergling x2  
  32  2:42  Overlord  
  32  2:46  Zergling x2  
  33  2:54  Zergling x2  
  33  2:57  Overlord  
  34  3:04  Overlord  
  33  3:06  Drone  
  33  3:09  Hatchery  
  33  3:15  Drone x2  
  33  3:19  Drone x2  
  36  3:22  Drone  
  36  3:24  Drone  
  37  3:31  Drone x2  
  37  3:33  Drone  
  38  3:35  Drone  
  38  3:43  Drone x2  
  38  3:47  Queen  
  39  3:50  Queen  
  39  3:53  Drone  
  39  3:55  Drone  
  43  3:59  Drone x2  
  43  4:01  Drone  
  43  4:02  Drone  
  47  4:03  Drone  
  47  4:06  Drone  
  47  4:07  Drone  
  47  4:09  Extractor  
  49  4:12  Spore Crawler  
  49  4:14  Spore Crawler  
  49  4:16  Drone  
  48  4:20  Zergling x2  
  48  4:22  Queen  
  51  4:28  Spore Crawler  
  51  4:29  Zergling x6  
  51  4:38  Drone x3  
  48  4:39  Drone  
  48  4:42  Drone  
  48  4:43  Drone  
  49  4:49  Drone x2  
  49  4:52  Drone  
  52  4:54  Drone  
  53  5:03  Drone x5  
  58  5:08  Drone x3  
  58  5:14  Overlord  
  61  5:15  Drone x2  
  61  5:18  Drone  
  63  5:23  Roach Warren  
  63  5:25  Zergling x4  
  63  5:28  Zergling x2  
  65  5:31  Overlord  
  65  5:36  Zergling x10  
  65  5:41  Zergling x6  
  73  5:51  Drone x3  
  73  5:55  Lair  
  76  5:58  Drone, Evolution Chamber  
  76  5:59  Drone, Baneling Nest  
  76  6:01  Drone  
  76  6:02  Extractor  
  76  6:05  Drone x4  
  76  6:07  Drone  
  76  6:09  Spore Crawler  
  81  6:14  Overlord  
  81  6:17  Overlord  
  81  6:18  Overlord x3  
  79  6:21  Overlord  
  79  6:25  Zerg Melee Weapons Level 1  
  78  6:29  Overlord x2  
  78  6:32  Overlord  
  75  6:39  Drone x10  
  81  6:43  Spore Crawler  
  81  6:46  Drone  
  77  6:47  Extractor  
  77  6:53  Drone x3  
  75  6:58  Hatchery, Queen  
  75  6:59  Hydralisk Den  
  73  7:01  Centrifical Hooks  
  73  7:08  Drone x2, Spore Crawler  
  69  7:09  Drone  
  69  7:11  Drone, Spore Crawler  
  69  7:12  Drone  
  69  7:15  Drone x2, Spore Crawler  
  71  7:18  Drone  
  71  7:21  Glial Reconstitution  
  70  7:23  Drone x2  
  70  7:24  Queen  
  70  7:26  Drone  
  70  7:29  Queen  
  77  7:30  Grooved Spines  
  77  7:36  Spore Crawler  
  76  7:45  Roach x3  
  76  7:46  Roach x2  
  86  7:52  Roach x2  
  86  7:54  Extractor  
  86  7:55  Queen  
  86  7:56  Overlord x2  
  91  7:59  Queen  
  91  8:04  Queen  
  95  8:08  Overlord  
  95  8:13  Drone  
  96  8:20  Roach x7  
  110  8:31  Queen  
  110  8:32  Roach x3  
  110  8:33  Hatchery  
  116  8:36  Spore Crawler  
  116  8:37  Ravager  
  116  8:39  Roach x2  
  116  8:40  Roach  
  120  8:46  Roach x2  
  120  8:48  Zergling x6  
  127  8:49  Zergling x12  
  127  8:55  Ravager  
  132  9:03  Ravager  
  132  9:06  Zergling x16  
  137  9:11  Zergling x6  
  130  9:19  Zergling x14  
  130  9:21  Ravager  
  130  9:22  Ravager  
  130  9:23  Zergling x4  
  127  9:33  Zergling x4  
  127  9:37  Hatchery  
  127  9:38  Zergling x2  
  120  9:42  Ravager x2  
  122  9:48  Zergling x8  
  119  9:55  Baneling x7  
  119  9:58  Roach  
  94  10:15  Ravager  
Show
View Real Time Build Order
Export as new Build Order

lllIIIIllll Protoss - Winner!

Build Orders: 1 Gate Expand, Oracle Opening, Phoenix Opening, Mass Phoenix 

Get SALT Encoding   

  12  0:00  Probe  
  13  0:12  Probe  
  14  0:18  Pylon  
  14  0:24  Probe  
  15  0:32  Probe  
  15  0:41  Probe, Gateway  
  16  0:47  Assimilator  
  17  0:51  Probe  
  18  1:03  Probe  
  19  1:15  Probe  
  20  1:25  Nexus  
  20  1:35  Cybernetics Core  
  20  1:38  Probe  
  21  1:43  Assimilator  
  21  1:50  Probe  
  21  1:53  Pylon  
  22  2:02  Probe, Adept  
  23  2:14  Probe  
  26  2:17  Stargate  
  26  2:24  Warp Gate  
  26  2:26  Probe  
  27  2:32  Adept  
  27  2:33  Probe  
  27  2:34  Probe  
  30  2:42  Probe x2  
  32  2:53  Probe x2, Oracle  
  36  3:06  Probe  
  36  3:07  Probe  
  36  3:11  Gateway  
  38  3:18  Probe  
  38  3:19  Probe  
  40  3:24  Shield Battery, Oracle  
  40  3:25  Pylon  
  40  3:26  Pylon  
  42  3:41  Shield Battery  
  42  3:42  Probe x2  
  43  3:52  Assimilator  
  43  3:53  Assimilator  
  43  3:57  Phoenix  
  43  4:02  Probe x2  
  47  4:12  Sentry  
  47  4:14  Probe, Phoenix  
  47  4:15  Probe  
  53  4:26  Probe  
  53  4:27  Probe  
  55  4:39  Probe x2  
  57  4:46  Stargate  
  57  4:49  Pylon  
  57  4:51  Probe x2, Phoenix  
  58  5:01  Gateway  
  58  5:02  Gateway  
  58  5:03  Probe x2  
  60  5:15  Zealot  
  60  5:16  Probe x2, Phoenix  
  60  5:19  Pylon  
  66  5:29  Phoenix  
  66  5:33  Phoenix, Nexus  
  70  5:43  Pylon  
  70  5:51  Phoenix  
  70  5:52  Stalker  
  74  5:59  Phoenix  
  76  6:04  Sentry, Zealot  
  76  6:06  Probe  
  76  6:07  Probe  
  76  6:09  Shield Battery  
  82  6:22  Probe x2  
  82  6:24  Robotics Facility  
  84  6:26  Robotics Facility  
  84  6:28  Adept  
  86  6:33  Pylon  
  86  6:35  Pylon  
  84  6:40  Probe x2  
  84  6:45  Phoenix x2  
  84  6:46  Probe  
  90  6:52  Probe x2  
  93  6:54  Probe  
  93  7:00  Sentry x2  
  98  7:03  Probe  
  98  7:04  Probe x2  
  101  7:14  Immortal  
  101  7:15  Probe  
  106  7:16  Probe x2  
  106  7:18  Sentry  
  106  7:21  Immortal  
  114  7:26  Assimilator  
  114  7:28  Probe x2, Assimilator  
  116  7:32  Pylon  
  116  7:35  Pylon  
  116  7:40  Gateway x2  
  116  7:43  Gateway  
  116  7:48  Immortal  
  116  7:54  Gateway  
  116  7:55  Warp Prism  
  116  7:56  Gateway  
  120  7:59  Gateway  
  122  8:06  Sentry x3  
  128  8:25  Pylon x2  
  128  8:27  Pylon  
  128  8:28  Pylon  
  128  8:30  Observer  
  128  8:33  Stalker x2  
  133  8:41  Twilight Council  
  133  8:43  Forge  
  133  8:50  Stalker x3  
  133  8:51  Stalker x3  
  133  8:54  Stalker  
  147  8:56  Stalker x2  
  147  9:19  Stalker x7  
  157  9:39  Robotics Bay  
  157  9:41  Stalker x2  
  161  9:57  Pylon x2  
  161  9:58  Pylon x2  
  158  10:07  Nexus  
  148  10:14  Stalker x6  
Tags
 
Add a new tag
Caveats
  • Supply blocks, unpowered buildings, or Contaminate may cause inaccurate times.
  • Supply counts are checked every 10 seconds.